 Dungeon Crawl Stone Soup version 0.30.1-4-g462c640d31 (webtiles) character file.

Game seed: 11119035668292842427

14 SpecularKarma the Conjurer (level 2, -2/20 HPs)
             Began as a Demigod Conjurer on Aug 31, 2023.
             Slain by a kobold
             ... wielding a +0 whip
              (5 damage)
             ... on level 2 of the Dungeon.
             The game lasted 00:11:19 (416 turns).

SpecularKarma the Conjurer (Demigod Conjurer)        Turns: 416, Time: 00:11:20

Health: -2/20      AC:  2    Str:  8    XL:     2   Next: 18%
Magic:  16/16      EV: 12    Int: 20    God:
Gold:   64         SH:  0    Dex: 12    Spells: 3/4 levels left

rFire   . . .        n - staff of poison
rCold   . . .        (no shield)
rNeg    . . .        a - +0 robe
rPois   +            (no helmet)
rElec   .            (no cloak)
rCorr   .            (no gloves)
SInv    .            (no boots)
Will    .....        (no amulet)
Stlth   ++           h - ring of magical power
HPRegen 0.23/turn    (no ring)
MPRegen 0.15/turn

%: no passive effects
@: no status effects
A: high MP 1, forlorn, divine attributes
a: no special abilities


You were on level 2 of the Dungeon.
You visited 1 branch of the dungeon, and saw 2 of its levels.

You collected 64 gold pieces.

Inventory:

Hand Weapons
 c - a +0 club
 d - a +0 dagger
 f - a +0 short sword
 m - a +0 whip
Missiles
 e - 10 stones
Armour
 a - a +0 robe (worn)
 o - a +0 buckler
Magical Staves
 n - a staff of poison (weapon)
Jewellery
 h - a ring of magical power (left hand)
 k - an amulet of faith
Scrolls
 g - a scroll of identify
 l - a scroll of teleportation {unknown}
Potions
 b - a potion of magic
 i - 2 potions of flight {unknown}
 j - a potion of haste {unknown}


   Skills:
 + Level 0.2 Fighting
 + Level 2.1 Dodging
 + Level 1.7 Stealth
 + Level 1.8 Spellcasting
 + Level 3.9 Conjurations


You had 3 spell levels left.
You knew the following spells:

 Your Spells              Type           Power      Damage    Failure   Level
a - Magic Dart            Conj           68%        1d6       3%          1

Your spell library contained the following spells:

 Spells                   Type           Power      Damage    Failure   Level
 Searing Ray              Conj           34%        2d5       4%          2
 Dazzling Flash           Conj/Hex       18%        N/A       22%         3
 Fulminant Prism          Conj/Hex       4%         3d5       56%         4
 Iskenderun's Mystic Bla  Conj/Tloc      9%         2d4       56%         4


Dungeon Overview and Level Annotations

Branches:
Dungeon (2/15)


Innate Abilities, Weirdness & Mutations

You have an increased reservoir of magic. (+10% MP)
You shall have no god before yourself.
Your divine heritage dramatically boosts your attributes as you level up.


Message History

A kobold comes into view. It is wielding a +0 club.
You see here a +0 buckler.
o - a +0 buckler A kobold comes into view.
It is wielding a +0 whip.
The kobold shouts! x2
The kobold hits you with a +0 whip.
The kobold shouts!
You hit the kobold. You punch the kobold, but do no damage.
The kobold is moderately wounded.
The kobold barely misses you.
You hit the kobold.
The kobold is heavily wounded.
The kobold hits you with a +0 whip.
You completely miss the kobold.
The kobold is heavily wounded.
The kobold hits you but does no damage.
You hit the kobold.
You kill the kobold!
You barely miss the kobold. The kobold completely misses you.
The kobold closely misses you. The kobold hits you but does no damage.
You closely miss the kobold. The kobold hits you with a +0 club.
The kobold closely misses you.
You hit the kobold but do no damage. The kobold completely misses you.
The kobold hits you with a +0 whip.
* * * LOW HITPOINT WARNING * * *
The kobold attacks as you move away! The kobold closely misses you.
The kobold attacks as you move away! The kobold closely misses you.
The kobold attacks as you move away! The kobold hits you with a +0 club.
* * * LOW HITPOINT WARNING * * *
The kobold barely misses you. The kobold hits you with a +0 whip.
Keep equipping yourself? [Y]es or [N]o only, please.
Keep equipping yourself?
Uppercase [Y]es or [N]o only, please.
Keep equipping yourself?
Uppercase [Y]es or [N]o only, please.
Keep equipping yourself? [Y]es or [N]o only, please.
Keep equipping yourself?
You die...

#.#.# # #.#.###
#.....# ###...#
#..############
#..###.~~≈≈≈≈≈≈
#..##...~≈~~≈~~
#.####..##..........
#........@K.........
#######.##K..)?.....
....#...≈~≈~~~~
###.###.~≈≈≈≈≈≈~ ...
########## .## #. #.


You could see 2 kobolds.

Vanquished Creatures
  A dart slug (D:1)
  A ball python (D:2)
  An endoplasm (D:2)
  A hobgoblin (D:2)
  4 kobolds
  2 bats (D:1)
  2 rats (D:1)
12 creatures vanquished.

Notes
Turn   | Place    | Note
-------+----------+-------------------------------------------
     0 | D:1      | SpecularKarma the Demigod Conjurer began the quest for the
                  | Orb.
     0 | D:1      | Reached XP level 1. HP: 14/14 MP: 5/5
   271 | D:2      | Reached XP level 2. HP: 19/20 MP: 7/7
   416 | D:2      | Slain by a kobold

Illustrated notes

Levels and vault maps discovered:
D:1:      amcnicky_arrival_underground_garden, layout_basic,
          basic_ecumenical_altar
D:2:      minmay_kobold_bridge, layout_loops_ring, minmay_split_cup_large

Skill      XL: |  1 |
---------------+----+-----
Dodging        | 2 |  2.1
Fighting       | |  0.2
Stealth        | |  1.7
Spellcasting   | |  1.8
Conjurations   | |  3.9

Action                     || total
---------------------------++-------
  Melee: Dagger            ||    56
         Club              ||     7
         Unarmed           ||     2
         Punch             ||     2
         Staff             ||     7
    Use: Scroll            ||     1
 Armour: Robe              ||    29
  Dodge: Dodged            ||    66
